Map: Automaton LE

Players

Smileblind

  • Race: Zerg Zerg
  • League: Silver
  • Spawn Location: 3:00

A.I. 1 (Easy) - Winner!

  • Race: Zerg Zerg
  • Spawn Location: 9:00

VOD

Have the link to the VOD?

Description

Time

  • Played on: Jan. 15, 2019, 6:33 p.m.
  • Length: 30:26
Show
View Real Time Build Order
Export as new Build Order

Smileblind Zerg 

Build Orders: Pool First 

Get SALT Encoding   

  12  0:09  Overlord  
  12  0:24  Drone  
  12  0:25  Drone  
  14  0:39  Spawning Pool  
  14  0:40  Drone  
  14  0:45  Drone  
  15  0:51  Extractor  
  15  0:54  Extractor  
  13  0:58  Drone  
  13  0:59  Drone  
  15  1:23  Drone  
  15  1:24  Drone  
  17  1:31  Queen  
  19  1:40  Overlord  
  19  1:51  Drone  
  19  1:52  Drone  
  21  2:12  Lair  
  21  2:39  Drone  
  21  2:40  Drone x2  
  24  3:19  Burrow  
  24  3:51  Overseer  
  24  4:07  Drone  
  24  4:08  Drone x5, Hatchery  
  24  4:09  Drone  
  30  4:23  Hydralisk Den  
  29  4:36  Queen, Nydus Network  
  30  4:41  Spire  
  29  5:19  Queen  
  31  5:32  Overlord x2  
  31  5:55  Lair  
  31  5:58  Infestation Pit  
  30  6:20  Drone x6  
  36  6:56  Hive  
  36  7:11  Overlord x4  
  34  7:23  Queen  
  34  7:25  Hydralisk x4  
  34  7:26  Hydralisk x2  
  24  8:00  Queen  
  24  8:02  Drone x3  
  29  8:16  Drone x3  
  29  8:17  Drone x3  
  35  8:40  Neural Parasite  
  35  8:55  Queen  
  37  9:03  Drone x3  
  37  9:04  Drone x3  
  43  9:31  Nydus Canal  
  43  9:46  Drone  
  43  9:47  Drone x2  
  43  9:48  Queen  
  48  9:53  Hive  
  48  9:59  Pathogen Glands  
  48  10:24  Queen  
  50  10:34  Nydus Canal  
  50  11:11  Greater Spire  
  40  12:21  Hydralisk x4  
  40  12:22  Hydralisk x2  
  54  12:48  Spore Crawler  
  54  12:49  Spore Crawler  
  52  12:56  Queen  
  52  13:01  Lurker Den  
  51  13:07  Drone x4  
  51  13:12  Extractor  
  54  13:15  Extractor  
  53  13:23  Spine Crawler  
  52  13:27  Spine Crawler  
  52  13:31  Queen  
  53  14:04  Nydus Canal  
  53  14:16  Overlord x5  
  53  14:47  Pneumatized Carapace  
  53  15:01  Viper  
  53  15:02  Viper  
  53  15:04  Swarm Host x2  
  53  15:05  Infestor x2  
  49  17:08  Unknown  
  41  17:28  Mutalisk  
  41  17:29  Mutalisk x4  
  40  18:10  Queen  
  40  18:32  Nydus Canal  
  40  18:45  Queen  
  42  20:28  Zergling x6  
  43  20:29  Zergling x6  
  41  20:52  Queen  
  41  20:56  Hydralisk  
  38  20:58  Zergling x2  
  38  20:59  Zergling x10  
  38  21:00  Zergling x10  
  47  21:17  Unknown  
  45  21:27  Queen  
  47  21:33  Queen  
  49  21:53  Adrenal Glands  
  49  22:03  Queen  
  46  22:09  Queen  
  42  22:39  Queen  
  44  23:26  Metabolic Boost  
  44  23:52  Overlord x2  
  44  23:53  Overlord  
  44  24:00  Grooved Spines  
  22  24:55  Unknown  
  16  25:01  Unknown  
  16  25:12  Muscular Augments  
  16  25:13  Queen  
  18  25:24  Zergling x8  
  18  25:25  Zergling x10  
  27  25:48  Queen  
  29  25:58  Hatchery  
  28  26:04  Overlord x2  
  28  26:05  Overlord x4  
  28  26:22  Hatchery  
  28  26:24  Queen  
  29  26:28  Overlord  
  29  26:45  Zergling x6  
  29  26:46  Zergling x6  
  35  27:00  Queen, Zergling x8  
  41  27:10  Drone  
  44  27:34  Queen  
  15  28:03  Mutalisk x2  
  15  28:04  Mutalisk  
  21  28:12  Mutalisk  
  13  28:18  Mutalisk x5  
  13  28:19  Mutalisk  
  27  28:22  Zergling x8  
  29  28:33  Drone x2  
  29  28:34  Drone  
  30  28:35  Queen  
  24  28:44  Drone x3  
  24  28:45  Queen  
  13  29:15  Drone x2  
  13  29:16  Drone x5  
  20  29:26  Extractor  
  19  29:32  Extractor  
  19  29:36  Spawning Pool  
  17  29:48  Extractor  
  17  29:52  Drone x3  
  15  30:17  Spawning Pool  
Show
View Real Time Build Order
Export as new Build Order

A.I. 1 (Easy) Zerg - Winner!

Build Orders: Pool First 

Get SALT Encoding   

  12  0:01  Drone  
  13  0:12  Overlord  
  13  0:18  Drone  
  14  0:30  Drone  
  14  0:35  Drone  
  16  0:44  Spawning Pool  
  16  0:47  Drone  
  16  0:50  Extractor  
  16  0:53  Drone  
  16  1:01  Overlord  
  16  1:31  Zergling x2  
  17  1:33  Queen  
  17  1:35  Roach Warren  
  17  1:37  Extractor  
  17  1:39  Drone  
  18  1:42  Zergling x2  
  18  1:43  Drone  
  20  1:53  Zergling x2  
  21  2:03  Zergling x2  
  22  2:14  Overlord  
  22  2:25  Zergling x2  
  23  2:35  Zergling x2  
  24  2:40  Drone  
  25  2:44  Drone  
  25  2:46  Roach  
  25  2:48  Drone  
  29  2:58  Drone  
  30  3:08  Overlord  
  30  3:12  Drone, Roach  
  33  3:16  Drone  
  34  6:27  Drone, Lair, Overlord  
  34  6:31  Drone  
  36  6:35  Hatchery  
  36  6:36  Drone  
  36  6:40  Drone  
  36  6:44  Drone  
  37  7:24  Overseer  
  37  7:27  Hydralisk Den  
  37  7:28  Overseer  
  35  7:47  Drone  
  34  7:52  Drone  
  34  7:53  Zergling x2  
  34  7:55  Extractor  
  34  7:56  Drone  
  30  7:59  Extractor  
  30  8:00  Drone  
  30  8:05  Drone  
  31  8:09  Drone  
  32  8:13  Drone  
  32  8:14  Hydralisk  
  32  8:18  Drone  
  36  8:22  Drone  
  36  8:26  Drone  
  38  8:30  Drone  
  39  8:35  Drone  
  39  8:37  Hydralisk  
  39  8:39  Drone  
  43  8:43  Drone  
  43  8:48  Drone  
  45  8:52  Drone  
  46  8:56  Drone  
  46  8:59  Roach  
  46  9:01  Drone  
  50  9:05  Drone  
  50  9:06  Overlord  
  50  9:09  Drone  
  52  9:14  Drone  
  53  9:18  Drone  
  53  9:21  Ravager  
  53  9:22  Drone, Roach  
  58  9:26  Drone  
  58  9:28  Overlord  
  58  9:31  Drone  
  60  9:35  Drone  
  61  9:39  Drone  
  61  9:44  Ravager, Roach  
  65  11:19  Pneumatized Carapace  
  65  11:20  Overseer  
  65  11:21  Overlord x2, Infestation Pit  
  65  11:22  Hatchery  
  65  11:23  Spire  
  62  11:26  Evolution Chamber  
  61  11:54  Zerg Melee Weapons Level 1  
  61  12:03  Hive  
  61  12:05  Zergling x2  
  49  12:35  Drone  
  50  12:37  Corruptor  
  50  12:40  Drone  
  50  12:43  Extractor  
  52  12:44  Drone  
  52  12:47  Extractor  
  52  12:48  Drone  
  53  12:53  Drone  
  53  12:57  Drone  
  55  13:16  Greater Spire  
  55  13:48  Zerg Ground Armor Level 1  
  55  14:29  Brood Lord, Corruptor  
  59  15:01  Brood Lord, Corruptor  
  63  15:23  Corruptor  
  63  15:24  Zerg Flyer Weapons Level 1  
  65  15:38  Brood Lord, Corruptor  
  65  15:42  Zerg Missile Weapons Level 1  
  69  16:36  Zergling x2  
  69  17:13  Corruptor  
  69  17:14  Brood Lord  
  69  17:18  Zerg Flyer Armor Level 1  
  69  17:36  Zerg Melee Weapons Level 2  
  69  17:57  Brood Lord, Corruptor  
  69  18:59  Hatchery  
  68  19:51  Zerg Ground Armor Level 2  
  68  20:13  Drone  
  69  20:20  Extractor  
  68  20:21  Zergling x2  
  68  20:22  Drone  
  68  20:24  Extractor  
  68  20:26  Drone  
  69  20:38  Corruptor  
  67  20:53  Corruptor  
  65  21:10  Corruptor  
  65  21:11  Brood Lord  
  61  21:19  Overseer  
  61  21:26  Brood Lord, Corruptor  
  65  21:42  Corruptor  
  65  21:43  Brood Lord  
  69  22:07  Zerg Missile Weapons Level 2  
  69  23:06  Hydralisk  
  69  23:07  Overlord  
  71  23:15  Ultralisk Cavern  
  70  23:25  Hydralisk, Overlord  
  72  24:05  Ultralisk  
  77  24:19  Zergling x2  
  76  24:33  Ultralisk  
  80  24:48  Ultralisk  
  82  25:03  Overseer  
  82  25:04  Overlord  
  74  25:20  Hatchery  
  73  26:32  Drone  
  74  26:36  Drone  
  75  26:45  Extractor  
  74  26:47  Drone  
  74  26:49  Extractor  
  74  26:51  Drone  
  75  26:55  Corruptor  
  75  26:56  Overlord  
  77  27:10  Corruptor  
  79  27:28  Brood Lord, Corruptor  
  82  27:43  Zergling x2  
  83  27:57  Brood Lord, Corruptor  
  87  28:12  Brood Lord, Corruptor  
  89  28:13  Overlord  
Tags
 
League
Silver
Matchup
ZvZ
Race
Zerg
Spawn Locations
Cross Positions
Add a new tag
Caveats
  • Supply blocks, unpowered buildings, or Contaminate may cause inaccurate times.
  • Supply counts are checked every 10 seconds.